EDMONTON Oilers vs CALGARY Flames (R5)

Created - 11 mars 2024 at 20:37

Goals
1 2 3 T
EDMONTON Oilers 0 0 0 0
CALGARY Flames 1 0 0 1
Shots
1 2 3 T
EDMONTON Oilers 9 7 6 22
CALGARY Flames 9 12 9 30

1st period

1. CALGARY Flames , Ty Dellandrea 5 (Darnell Nurse 29, Lawson Crouse 14) at 4:03

Penalties :
Tucker Poolman (EDM) for High sticking (Minor) at 1:59, Jamie Oleksiak (CGY) for Tripping (Minor) at 5:46, Milan Lucic (EDM) for High sticking (Minor) at 8:39, Ty Dellandrea (CGY) for Delaying the game (Minor) at 10:44, Lawson Crouse (CGY) for Interference (Minor) at 12:27, T.J. Oshie (EDM) for Interference (Minor) at 16:42

2nd period

No Goal

Penalties :
Nikita Zaitsev (EDM) for Delaying the game (Minor) at 1:25, Alex Wennberg (EDM) for Tripping (Minor) at 8:12, Michael Rasmussen (CGY) for Hooking (Minor) at 13:58, Nikita Zaitsev (EDM) for Roughing (Minor) at 18:24

3rd period

No Goal

Penalties :
Nikita Zaitsev (EDM) for Hooking (Minor) at 0:29, Josh Brown (CGY) for Delaying the game (Minor) at 5:14, Milan Lucic (EDM) for Slashing (Minor) at 7:15, A.J. Greer (CGY) for Unsportsmanlike conduct (Minor) at 9:22, Drake Batherson (EDM) for Hooking (Minor) at 11:09, Moritz Seider (EDM) for Roughing (Minor) at 17:00, Adin Hill (EDM) for Slashing (Minor) at 17:24 - Alexander Romanov served the penalty.

Goalie Stats

Adin Hill (EDM), 29 saves from 30 shots - (0,967), L, 13-28-1, 59:32 minutes
Stuart Skinner (CGY), 22 saves from 22 shots - (1,000), W, 18-11-5, 60:00 minutes

Players Stats for EDMONTON Oilers

Player Name              G  A  P  +/- PIM S  H  SB GA TA FO     MP     PP MP  PK MP  
------------------------------------------------------------------------------------
Alex Wennberg            0  0  0   0  2   3  1  0  0  0  8/22   22:27   5:34  10:38 
Alexander Romanov        0  0  0   0  0   2  3  1  0  0  0/0    26:10   6:05   9:22 
Denis Gurianov           0  0  0   0  0   0  1  0  0  0  0/0     8:01   0:18   0:41 
Drake Batherson          0  0  0   0  2   0  0  0  0  0  0/1    14:39   5:33   0:00 
Dylan Cozens             0  0  0   0  0   1  1  0  0  0  6/15   21:15   5:34   6:35 
Kent Johnson             0  0  0   0  0   3  2  0  0  0  6/10   12:54   5:52   0:00 
Kyle Palmieri            0  0  0   0  0   5  4  1  0  0  2/4    17:55   5:52   6:35 
Leo Komarov              0  0  0  -1  0   0  0  0  0  0  4/8     7:11   0:00   0:27 
Michal Kempny            0  0  0  -1  0   0  0  2  0  0  0/0    11:28   0:00   4:33 
Milan Lucic              0  0  0  -1  4   0  1  0  0  0  0/0     6:42   0:00   0:00 
Moritz Seider            0  0  0   0  2   0  3  0  0  0  0/0    26:31   6:05   9:44 
Nico Sturm               0  0  0   0  0   1  3  0  0  0  2/6     7:02   0:00   0:00 
Nicolas Aube-Kubel       0  0  0  -1  0   1  1  0  0  0  0/0     6:44   0:00   0:00 
Nikita Zaitsev           0  0  0   0  6   0  5  0  0  0  0/0    22:07   5:21   5:55 
Owen Tippett             0  0  0   0  0   4  2  0  0  0  7/23   25:42   5:34  11:26 
T.J. Oshie               0  0  0   0  2   0  1  0  0  0  1/2     7:34   0:00   2:07 
Tucker Poolman           0  0  0   0  2   1  0  0  0  0  0/0    17:03   5:21   0:49 
Will Butcher             0  0  0  -1  0   1  0  0  0  0  0/0    16:36   0:00   9:41 

Players Stats for CALGARY Flames

Player Name              G  A  P  +/- PIM S  H  SB GA TA FO     MP     PP MP  PK MP  
------------------------------------------------------------------------------------
A.J. Greer               0  0  0   1  2   0  0  0  0  0  0/0     7:44   0:11   0:00 
Alex Newhook             0  0  0   0  0   3  0  0  0  0  0/1    16:17   9:21   0:00 
Alexei Toropchenko       0  0  0   1  0   0  0  0  0  0  0/0     6:58   0:00   0:00 
Boone Jenner             0  0  0   0  0   2  1  0  0  0  19/25  20:27  10:30   2:13 
Charlie Coyle            0  0  0   0  0   2  3  0  0  0  12/22  24:07  10:30   5:55 
Charlie McAvoy           0  0  0   0  0   5  0  1  0  0  0/0    26:53   9:54   5:29 
Cole Perfetti            0  0  0   0  0   0  0  0  0  0  0/0     7:53   0:11   0:00 
Daniel Sprong            0  0  0   0  0   0  2  0  0  0  0/1    17:14   9:32   0:00 
Darnell Nurse            0  1  1   0  0   5  4  3  0  0  0/0    25:57  10:08   6:32 
Jamie Oleksiak           0  0  0   0  2   0  1  2  0  0  0/0    23:23   9:57   4:46 
Johnathan Kovacevic      0  0  0   1  0   1  3  1  0  0  0/0     9:29   0:11   0:57 
Josh Brown               0  0  0   1  2   0  1  0  0  0  0/0     8:20   0:00   0:00 
Keegan Kolesar           0  0  0   0  0   0  1  0  0  0  0/0    11:45   0:00   5:37 
Lawson Crouse            0  1  1   0  2   3  3  0  0  0  0/2    22:51  10:30   4:37 
Michael Rasmussen        0  0  0   0  2   2  4  0  0  0  21/35  19:38   9:21   4:10 
Philipp Kurashev         0  0  0   0  0   0  0  1  0  0  0/0     6:08   0:00   0:00 
Quinn Hughes             0  0  0   0  0   5  0  0  0  0  0/0    25:56   9:54   5:08 
Ty Dellandrea            1  0  1   1  2   2  1  0  0  0  3/5     7:00   0:00   0:03 

3 Stars

1 - Stuart Skinner (CGY)
2 - Adin Hill (EDM)
3 - Darnell Nurse (CGY)

Power Play

EDMONTON Oilers - 0 on 6 Attempt(s) - 0,00%
CALGARY Flames - 0 on 11 Attempt(s) - 0,00%

Penalty Kill

EDMONTON Oilers - 11 on 11 Attempt(s) - 100,00% - Score 0 goal in Penalty Kill
CALGARY Flames - 6 on 6 Attempt(s) - 100,00% - Score 0 goal in Penalty Kill

Team Stat

EDMONTON Oilers - Hits : 28 - Faceoff Wins : 36 - Blocked Shots : 4 - Penalty Minutes : 22
CALGARY Flames - Hits : 24 - Faceoff Wins : 55 - Blocked Shots : 8 - Penalty Minutes : 12

Official

Referees : Jacqueline Howard and Pierre Lambert
Linesman : Kilian McNamara and Anna Hammar

Game Notes

No Game Note

Finance

Level 1 -- Attendance: 4931 (82,18%) -- Ticket Income $493,100
Level 2 -- Attendance: 4127 (82,54%) -- Ticket Income $247,620
Level 3 -- Attendance: 1992 (99,60%) -- Ticket Income $69,720
Level 4 -- Attendance: 4000 (100,00%) -- Ticket Income $80,000
Luxury Box -- Attendance: 726 (72,60%) -- Ticket Income $145,200
Game was played at the Scotiabank Saddledome.
Total Attendance: 15776 (87,64%)
Total Ticket Income: $1,035,640
Other Income: $258,910
Total Income: $1,294,550

EDMONTON Oilers

5 vs 5 Forward 
   Center                   Left Wing                Right Wing               Time % Phy DF OF 
 1 Dylan Cozens             Owen Tippett             Drake Batherson          35     1   1  3  
 2 Alex Wennberg            Kyle Palmieri            T.J. Oshie               28     1   1  3  
 3 Nico Sturm               Kent Johnson             Denis Gurianov           20     1   2  2  
 4 Leo Komarov              Milan Lucic              Nicolas Aube-Kubel       17     5   0  0  

5 vs 5 Defense 
   Defense                  Defense                                           Time % Phy DF OF 
 1 Moritz Seider            Alexander Romanov                                 46     1   2  2  
 2 Nikita Zaitsev           Tucker Poolman                                    34     1   2  2  
 3 Will Butcher             Michal Kempny                                     20     1   2  2  
 4 Moritz Seider            Alexander Romanov                                 0      1   2  2  

PowerPlay Forward 
   Center                   Left Wing                Right Wing               Time % Phy DF OF 
 1 Alex Wennberg            Dylan Cozens             Owen Tippett             60     1   2  2  
 2 Kent Johnson             Kyle Palmieri            Drake Batherson          40     1   2  2  

PowerPlay Defense
   Defense                  Defense                                           Time % Phy DF OF 
 1 Moritz Seider            Alexander Romanov                                 60     1   2  2  
 2 Nikita Zaitsev           Tucker Poolman                                    40     1   2  2  

Penalty Kill 4 Players Forward 
   Center                   Wing                     Time % Phy DF OF 
 1 Owen Tippett             Alex Wennberg            60     1   2  2  
 2 Dylan Cozens             Kyle Palmieri            40     1   2  2  

Penalty Kill 4 Players Defense
   Defense                  Defense                  Time % Phy DF OF 
 1 Moritz Seider            Alexander Romanov        60     1   2  2  
 2 Nikita Zaitsev           Will Butcher             40     1   2  2  

Penalty Kill - 3 Players Forward 
   Forward                                           Time % Phy DF OF 
 1 Owen Tippett                                      60     1   2  2  
 2 Alex Wennberg                                     40     1   2  2  

Penalty Kill - 3 Players Defense
   Defense                  Defense                  Time % Phy DF OF 
 1 Moritz Seider            Alexander Romanov        60     1   2  2  
 2 Nikita Zaitsev           Will Butcher             40     1   2  2  

4 vs 4 Forward 
   Center                   Wing                     Time % Phy DF OF 
 1 Owen Tippett             Alex Wennberg            60     1   2  2  
 2 Dylan Cozens             Kyle Palmieri            40     1   2  2  

4 vs 4 Defense
   Defense                  Defense                  Time % Phy DF OF 
 1 Moritz Seider            Alexander Romanov        60     1   2  2  
 2 Nikita Zaitsev           Tucker Poolman           40     1   2  2  

Last Minutes Offensive
   Center                   Left Wing                Right Wing               Defense                  Defense                  
   Alex Wennberg            Dylan Cozens             Owen Tippett             Moritz Seider            Alexander Romanov        

Last Minutes Defensive
   Center                   Left Wing                Right Wing               Defense                  Defense                  
   Alex Wennberg            Dylan Cozens             Owen Tippett             Moritz Seider            Alexander Romanov        

Goaltenders
Starting : Adin Hill                
Backup : Mikko Koskinen           

Extra Forwards
Normal : Alex Wennberg, Drake Batherson, T.J. Oshie - PP : Dylan Cozens, Kent Johnson - PK : T.J. Oshie
Extra Defensemen
Normal : Tucker Poolman, Will Butcher, Nikita Zaitsev - PP : Tucker Poolman - PK : Will Butcher, Nikita Zaitsev
Penalty Shots
Owen Tippett, Alex Wennberg, Dylan Cozens, Kyle Palmieri, Drake Batherson

Scratches
James Neal (Healthy)

CALGARY Flames

5 vs 5 Forward 
   Center                   Left Wing                Right Wing               Time % Phy DF OF 
 1 Boone Jenner             Alex Newhook             Lawson Crouse            30     2   1  2  
 2 Charlie Coyle            Cole Perfetti            Daniel Sprong            30     1   1  3  
 3 Michael Rasmussen        Philipp Kurashev         Keegan Kolesar           25     2   1  2  
 4 Ty Dellandrea            Alexei Toropchenko       A.J. Greer               15     2   1  2  

5 vs 5 Defense 
   Defense                  Defense                                           Time % Phy DF OF 
 1 Quinn Hughes             Charlie McAvoy                                    40     1   2  2  
 2 Darnell Nurse            Jamie Oleksiak                                    30     2   2  1  
 3 Johnathan Kovacevic      Josh Brown                                        25     3   2  0  
 4 Darnell Nurse            Jamie Oleksiak                                    5      2   2  1  

PowerPlay Forward 
   Center                   Left Wing                Right Wing               Time % Phy DF OF 
 1 Boone Jenner             Lawson Crouse            Charlie Coyle            55     1   0  4  
 2 Michael Rasmussen        Alex Newhook             Daniel Sprong            45     1   0  4  

PowerPlay Defense
   Defense                  Defense                                           Time % Phy DF OF 
 1 Quinn Hughes             Charlie McAvoy                                    60     1   2  2  
 2 Darnell Nurse            Jamie Oleksiak                                    40     1   2  2  

Penalty Kill 4 Players Forward 
   Center                   Wing                     Time % Phy DF OF 
 1 Charlie Coyle            Lawson Crouse            50     1   3  1  
 2 Michael Rasmussen        Keegan Kolesar           50     2   3  0  

Penalty Kill 4 Players Defense
   Defense                  Defense                  Time % Phy DF OF 
 1 Darnell Nurse            Charlie McAvoy           60     1   2  2  
 2 Quinn Hughes             Jamie Oleksiak           40     1   2  2  

Penalty Kill - 3 Players Forward 
   Forward                                           Time % Phy DF OF 
 1 Charlie Coyle                                     50     1   4  0  
 2 Michael Rasmussen                                 50     1   4  0  

Penalty Kill - 3 Players Defense
   Defense                  Defense                  Time % Phy DF OF 
 1 Darnell Nurse            Charlie McAvoy           60     1   2  2  
 2 Quinn Hughes             Jamie Oleksiak           40     1   2  2  

4 vs 4 Forward 
   Center                   Wing                     Time % Phy DF OF 
 1 Boone Jenner             Lawson Crouse            50     2   1  2  
 2 Charlie Coyle            Daniel Sprong            50     1   1  3  

4 vs 4 Defense
   Defense                  Defense                  Time % Phy DF OF 
 1 Quinn Hughes             Charlie McAvoy           55     1   2  2  
 2 Darnell Nurse            Jamie Oleksiak           45     1   2  2  

Last Minutes Offensive
   Center                   Left Wing                Right Wing               Defense                  Defense                  
   Boone Jenner             Lawson Crouse            Charlie Coyle            Quinn Hughes             Charlie McAvoy           

Last Minutes Defensive
   Center                   Left Wing                Right Wing               Defense                  Defense                  
   Charlie Coyle            Michael Rasmussen        Lawson Crouse            Darnell Nurse            Charlie McAvoy           

Goaltenders
Starting : Stuart Skinner           
Backup : Jacob Markstrom          

Extra Forwards
Normal : Charlie Coyle, Boone Jenner, Michael Rasmussen - PP : Cole Perfetti, Michael Rasmussen - PK : Boone Jenner
Extra Defensemen
Normal : Jamie Oleksiak, Johnathan Kovacevic, Josh Brown - PP : Jamie Oleksiak - PK : Jamie Oleksiak, Johnathan Kovacevic
Penalty Shots
Alex Newhook, Boone Jenner, Quinn Hughes, Charlie McAvoy, Daniel Sprong

Scratches
Jacob Bryson (Healthy), Jake Muzzin (Healthy)

% Time on Ice - EDMONTON Oilers

Lines # - Real PCT - Wanted PCT - Time Play
Normal Forward
1 - 31% - 35% - 8:30
2 - 20% - 28% - 5:28
3 - 25% - 20% - 7:02
4 - 24% - 17% - 6:44
Normal Defense
1 - 36% - 46% - 9:55
2 - 39% - 34% - 10:54
3 - 25% - 20% - 6:55
4 - 0% - 0% - 0:00
PP Forward
1 - 49% - 60% - 5:34
2 - 51% - 40% - 5:52
PP Defense
1 - 53% - 60% - 6:05
2 - 47% - 40% - 5:21
PK Forward
1 - 64% - 60% - 11:52
2 - 36% - 40% - 6:35
PK Defense
1 - 55% - 60% - 10:08
2 - 45% - 40% - 8:19
PK3 Forward
1 - 65% - 60% - 1:02
2 - 35% - 40% - 0:33
PK3 Defense
1 - 100% - 60% - 1:35
2 - 0% - 40% - 0:00
44 Forward
1 - 100% - 60% - 0:12
2 - 0% - 40% - 0:00
44 Defense
1 - 100% - 60% - 0:12
2 - 0% - 40% - 0:00
Last Minute Offensive  - 0:36
Last Minute Defensive  - 0:00
Total
Forward - 60:00
Defense - 60:00

% Time on Ice - CALGARY Flames

Lines # - Real PCT - Wanted PCT - Time Play
Normal Forward
1 - 25% - 30% - 6:56
2 - 28% - 30% - 7:42
3 - 22% - 25% - 6:08
4 - 25% - 15% - 6:58
Normal Defense
1 - 39% - 40% - 10:42
2 - 31% - 30% - 8:41
3 - 30% - 25% - 8:21
4 - 0% - 5% - 0:00
PP Forward
1 - 52% - 55% - 10:30
2 - 48% - 45% - 9:32
PP Defense
1 - 49% - 60% - 9:54
2 - 51% - 40% - 10:08
PK Forward
1 - 50% - 50% - 5:33
2 - 50% - 50% - 5:37
PK Defense
1 - 52% - 60% - 5:48
2 - 48% - 40% - 5:22
PK3 Forward
1 - 100% - 50% - 0:16
2 - 0% - 50% - 0:00
PK3 Defense
1 - 100% - 60% - 0:16
2 - 0% - 40% - 0:00
44 Forward
1 - 100% - 50% - 0:12
2 - 0% - 50% - 0:00
44 Defense
1 - 100% - 55% - 0:12
2 - 0% - 45% - 0:00
Last Minute Offensive  - 0:00
Last Minute Defensive  - 0:36
Total
Forward - 60:00
Defense - 60:00

Play-by-Play

1st period


0:01 of 1st period - Boone Jenner wins face-off versus Dylan Cozens in neutral zone.
0:10 of 1st period - Shot by Alex Newhook.
0:10 of 1st period - Shot Misses the Net.
0:13 of 1st period - Icing by Alexander Romanov.
0:14 of 1st period - Charlie Coyle wins face-off versus Dylan Cozens in EDMONTON Oilers zone.
0:35 of 1st period - Shot by Charlie Coyle.
0:35 of 1st period - Shot Misses the Net.
0:43 of 1st period - Shot by Drake Batherson.
0:43 of 1st period - Shot Blocked by Jamie Oleksiak.
0:45 of 1st period - Shot by Alexander Romanov.
0:45 of 1st period - Stopped by Stuart Skinner without a rebound.
0:46 of 1st period - Alex Wennberg wins face-off versus Michael Rasmussen in CALGARY Flames zone.
0:46 of 1st period - Kyle Palmieri is hit by Josh Brown and loses puck.
0:49 of 1st period - Shot by Kyle Palmieri.
0:49 of 1st period - Shot Misses the Net.
0:51 of 1st period - Shot by T.J. Oshie.
0:51 of 1st period - Shot Blocked by Johnathan Kovacevic.
0:53 of 1st period - Shot by Alex Wennberg.
0:53 of 1st period - Stopped by Stuart Skinner without a rebound.
0:54 of 1st period - Ty Dellandrea wins face-off versus Nico Sturm in CALGARY Flames zone.
0:54 of 1st period - Ty Dellandrea is hit by Nico Sturm.
1:09 of 1st period - Shot by Kent Johnson.
1:09 of 1st period - Stopped by Stuart Skinner without a rebound.
1:10 of 1st period - Leo Komarov wins face-off versus Michael Rasmussen in CALGARY Flames zone.
1:15 of 1st period - Shot by Nicolas Aube-Kubel.
1:15 of 1st period - Stopped by Stuart Skinner without a rebound.
1:16 of 1st period - Boone Jenner wins face-off versus Kyle Palmieri in CALGARY Flames zone.
1:34 of 1st period - Lawson Crouse is hit by Nikita Zaitsev and loses puck.
1:59 of 1st period - Minor Penalty to Tucker Poolman for High sticking.
2:00 of 1st period - Owen Tippett wins face-off versus Michael Rasmussen in EDMONTON Oilers zone.
3:08 of 1st period - Shot by Darnell Nurse.
3:08 of 1st period - Stopped by Adin Hill without a rebound.
3:09 of 1st period - Owen Tippett wins face-off versus Lawson Crouse in EDMONTON Oilers zone.
4:03 of 1st period - Shot by Ty Dellandrea.
4:03 of 1st period - Goal by Ty Dellandrea - EDMONTON Oilers : 0 - CALGARY Flames : 1.
4:04 of 1st period - Michael Rasmussen wins face-off versus Nico Sturm in neutral zone.
4:04 of 1st period - Michael Rasmussen is hit by Kent Johnson.
4:07 of 1st period - Charlie McAvoy is hit by Denis Gurianov and loses puck.
4:18 of 1st period - Shot by Michael Rasmussen.
4:18 of 1st period - Stopped by Adin Hill without a rebound.
4:19 of 1st period - Leo Komarov wins face-off versus Ty Dellandrea in EDMONTON Oilers zone.
5:35 of 1st period - Shot by Drake Batherson.
5:35 of 1st period - Shot Misses the Net.
5:46 of 1st period - Minor Penalty to Jamie Oleksiak for Tripping.
5:47 of 1st period - Kent Johnson wins face-off versus Michael Rasmussen in CALGARY Flames zone.
5:50 of 1st period - Shot by Kyle Palmieri.
5:50 of 1st period - Stopped by Stuart Skinner with a rebound.
5:52 of 1st period - Shot by Tucker Poolman.
5:52 of 1st period - Shot Blocked by Charlie McAvoy.
5:54 of 1st period - Shot by Kyle Palmieri.
5:54 of 1st period - Stopped by Stuart Skinner without a rebound.
5:55 of 1st period - Charlie Coyle wins face-off versus Kent Johnson in CALGARY Flames zone.
5:55 of 1st period - Charlie Coyle is hit by Kyle Palmieri.
6:08 of 1st period - Michael Rasmussen is hit by Alexander Romanov and loses puck.
7:05 of 1st period - Shot by Owen Tippett.
7:05 of 1st period - Shot Misses the Net.
7:11 of 1st period - Shot by Owen Tippett.
7:11 of 1st period - Shot Misses the Net.
8:36 of 1st period - Icing by Will Butcher.
8:37 of 1st period - Leo Komarov wins face-off versus Michael Rasmussen in EDMONTON Oilers zone.
8:39 of 1st period - Minor Penalty to Milan Lucic for High sticking.
8:40 of 1st period - Michael Rasmussen wins face-off versus Owen Tippett in EDMONTON Oilers zone.
8:47 of 1st period - Shot by Charlie McAvoy.
8:47 of 1st period - Stopped by Adin Hill without a rebound.
8:48 of 1st period - Owen Tippett wins face-off versus Boone Jenner in EDMONTON Oilers zone.
9:05 of 1st period - Shot by Quinn Hughes.
9:05 of 1st period - Shot Misses the Net.
9:15 of 1st period - Shot by Quinn Hughes.
9:15 of 1st period - Stopped by Adin Hill with a rebound.
9:17 of 1st period - Shot by Boone Jenner.
9:17 of 1st period - Deflect By Charlie Coyle.
9:17 of 1st period - Stopped by Adin Hill with a rebound.
9:19 of 1st period - Shot by Charlie Coyle.
9:19 of 1st period - Shot Misses the Net.
9:29 of 1st period - Moritz Seider is hit by Lawson Crouse and loses puck.
9:57 of 1st period - Will Butcher is hit by Michael Rasmussen and loses puck.
10:05 of 1st period - Icing by Michael Rasmussen.
10:06 of 1st period - Michael Rasmussen wins face-off versus Owen Tippett in CALGARY Flames zone.
10:06 of 1st period - Michael Rasmussen is hit by Owen Tippett.
10:43 of 1st period - Off-side.
10:44 of 1st period - Nico Sturm wins face-off versus Ty Dellandrea in neutral zone.
10:44 of 1st period - Minor Penalty to Ty Dellandrea for Delaying the game.
10:45 of 1st period - Kent Johnson wins face-off versus Charlie Coyle in CALGARY Flames zone.
10:50 of 1st period - Shot by Tucker Poolman.
10:50 of 1st period - Shot Blocked by Darnell Nurse.
11:22 of 1st period - Shot by Kyle Palmieri.
11:22 of 1st period - Shot Misses the Net.
11:24 of 1st period - Shot by Kyle Palmieri.
11:24 of 1st period - Shot Misses the Net.
11:26 of 1st period - Shot by Kent Johnson.
11:26 of 1st period - Stopped by Stuart Skinner without a rebound.
11:27 of 1st period - Charlie Coyle wins face-off versus Alex Wennberg in CALGARY Flames zone.
11:43 of 1st period - Dylan Cozens is hit by Darnell Nurse and loses puck.
11:52 of 1st period - Shot by Moritz Seider.
11:52 of 1st period - Deflect By Owen Tippett.
11:52 of 1st period - Shot Blocked by Darnell Nurse.
11:54 of 1st period - Shot by Alex Wennberg.
11:54 of 1st period - Shot Misses the Net.
12:06 of 1st period - Shot by Owen Tippett.
12:06 of 1st period - Stopped by Stuart Skinner without a rebound.
12:07 of 1st period - Kent Johnson wins face-off versus Michael Rasmussen in CALGARY Flames zone.
12:18 of 1st period - Shot by Kyle Palmieri.
12:18 of 1st period - Shot Misses the Net.
12:27 of 1st period - Minor Penalty to Lawson Crouse for Interference.
12:28 of 1st period - Charlie Coyle wins face-off versus Alex Wennberg in CALGARY Flames zone.
12:52 of 1st period - Icing by Alexander Romanov.
12:53 of 1st period - Alex Wennberg wins face-off versus Charlie Coyle in EDMONTON Oilers zone.
12:59 of 1st period - Icing by Owen Tippett.
13:00 of 1st period - Michael Rasmussen wins face-off versus Alex Wennberg in EDMONTON Oilers zone.
15:13 of 1st period - Michal Kempny is hit by Ty Dellandrea and loses puck.
15:25 of 1st period - Icing by Will Butcher.
15:26 of 1st period - Michael Rasmussen wins face-off versus Leo Komarov in EDMONTON Oilers zone.
15:32 of 1st period - Nicolas Aube-Kubel is hit by Keegan Kolesar and loses puck.
16:41 of 1st period - Off-side.
16:42 of 1st period - Charlie Coyle wins face-off versus Alex Wennberg in neutral zone.
16:42 of 1st period - Minor Penalty to T.J. Oshie for Interference.
16:43 of 1st period - Boone Jenner wins face-off versus Owen Tippett in EDMONTON Oilers zone.
16:54 of 1st period - Shot by Charlie McAvoy.
16:54 of 1st period - Shot Misses the Net.
16:56 of 1st period - Shot by Charlie McAvoy.
16:56 of 1st period - Shot Misses the Net.
17:09 of 1st period - Charlie Coyle is hit by Nikita Zaitsev.
17:13 of 1st period - Shot by Charlie Coyle.
17:13 of 1st period - Stopped by Adin Hill with a rebound.
17:50 of 1st period - Daniel Sprong is hit by Alexander Romanov and loses puck.
18:47 of 1st period - Shot by Nico Sturm.
18:47 of 1st period - Shot Misses the Net.
18:49 of 1st period - Shot by Kent Johnson.
18:49 of 1st period - Stopped by Stuart Skinner without a rebound.
18:50 of 1st period - Ty Dellandrea wins face-off versus Nico Sturm in CALGARY Flames zone.
18:56 of 1st period - Icing by Johnathan Kovacevic.
18:57 of 1st period - Ty Dellandrea wins face-off versus Nico Sturm in CALGARY Flames zone.
19:10 of 1st period - Shot by Ty Dellandrea.
19:10 of 1st period - Stopped by Adin Hill without a rebound.
19:11 of 1st period - Michael Rasmussen wins face-off versus Leo Komarov in EDMONTON Oilers zone.
19:30 of 1st period - Shot by Darnell Nurse.
19:30 of 1st period - Stopped by Adin Hill without a rebound.
19:31 of 1st period - Alex Wennberg wins face-off versus Charlie Coyle in EDMONTON Oilers zone.
Goals for this period are 0 for EDMONTON Oilers vs 1 for CALGARY Flames.
Shots for this period are 9 for EDMONTON Oilers vs 9 for CALGARY Flames.

2nd period


0:01 of 2nd period - Boone Jenner wins face-off versus Dylan Cozens in neutral zone.
1:25 of 2nd period - Minor Penalty to Nikita Zaitsev for Delaying the game.
1:26 of 2nd period - Michael Rasmussen wins face-off versus T.J. Oshie in EDMONTON Oilers zone.
1:33 of 2nd period - Shot by Michael Rasmussen.
1:33 of 2nd period - Shot Blocked by Michal Kempny.
1:35 of 2nd period - Shot by Alex Newhook.
1:35 of 2nd period - Stopped by Adin Hill without a rebound.
1:36 of 2nd period - Boone Jenner wins face-off versus Owen Tippett in EDMONTON Oilers zone.
1:55 of 2nd period - Shot by Lawson Crouse.
1:55 of 2nd period - Shot Misses the Net.
1:57 of 2nd period - Shot by Quinn Hughes.
1:57 of 2nd period - Stopped by Adin Hill with a rebound.
2:26 of 2nd period - Off-side.
2:27 of 2nd period - Michael Rasmussen wins face-off versus Owen Tippett in neutral zone.
2:38 of 2nd period - Shot by Alex Newhook.
2:38 of 2nd period - Shot Blocked by Alexander Romanov.
2:50 of 2nd period - Alex Wennberg is hit by Michael Rasmussen and loses puck.
2:55 of 2nd period - Shot by Daniel Sprong.
2:55 of 2nd period - Deflect By Alex Newhook.
2:55 of 2nd period - Shot Misses the Net.
2:57 of 2nd period - Shot by Daniel Sprong.
2:57 of 2nd period - Deflect By Michael Rasmussen.
2:57 of 2nd period - Stopped by Adin Hill with a rebound.
2:59 of 2nd period - Shot by Daniel Sprong.
2:59 of 2nd period - Shot Misses the Net.
3:01 of 2nd period - Shot by Darnell Nurse.
3:01 of 2nd period - Stopped by Adin Hill without a rebound.
3:02 of 2nd period - Dylan Cozens wins face-off versus Boone Jenner in EDMONTON Oilers zone.
3:17 of 2nd period - Shot by Charlie McAvoy.
3:17 of 2nd period - Stopped by Adin Hill without a rebound.
3:18 of 2nd period - Dylan Cozens wins face-off versus Michael Rasmussen in EDMONTON Oilers zone.
4:25 of 2nd period - Off-side.
4:26 of 2nd period - Alex Wennberg wins face-off versus Boone Jenner in neutral zone.
4:33 of 2nd period - Darnell Nurse is hit by Kyle Palmieri and loses puck.
4:59 of 2nd period - Shot by Alex Newhook.
4:59 of 2nd period - Stopped by Adin Hill without a rebound.
5:00 of 2nd period - Charlie Coyle wins face-off versus Dylan Cozens in EDMONTON Oilers zone.
5:23 of 2nd period - Shot by Owen Tippett.
5:23 of 2nd period - Deflect By Drake Batherson.
5:23 of 2nd period - Shot Misses the Net.
5:30 of 2nd period - Icing by Daniel Sprong.
5:31 of 2nd period - Charlie Coyle wins face-off versus Alex Wennberg in CALGARY Flames zone.
7:19 of 2nd period - Shot by Nico Sturm.
7:19 of 2nd period - Shot Misses the Net.
7:21 of 2nd period - Shot by Will Butcher.
7:21 of 2nd period - Stopped by Stuart Skinner without a rebound.
7:22 of 2nd period - Michael Rasmussen wins face-off versus Leo Komarov in CALGARY Flames zone.
7:28 of 2nd period - Charlie McAvoy is hit by Milan Lucic and loses puck.
7:52 of 2nd period - Philipp Kurashev is hit by Moritz Seider and loses puck.
8:12 of 2nd period - Minor Penalty to Alex Wennberg for Tripping.
8:13 of 2nd period - Boone Jenner wins face-off versus Owen Tippett in EDMONTON Oilers zone.
8:13 of 2nd period - Boone Jenner is hit by Nikita Zaitsev.
8:29 of 2nd period - Shot by Quinn Hughes.
8:29 of 2nd period - Stopped by Adin Hill without a rebound.
8:30 of 2nd period - Michael Rasmussen wins face-off versus Owen Tippett in EDMONTON Oilers zone.
9:11 of 2nd period - Will Butcher is hit by Michael Rasmussen and loses puck.
11:13 of 2nd period - Philipp Kurashev is hit by T.J. Oshie and loses puck.
11:23 of 2nd period - Off-side.
11:24 of 2nd period - Leo Komarov wins face-off versus Charlie Coyle in neutral zone.
11:32 of 2nd period - Charlie McAvoy is hit by Moritz Seider and loses puck.
11:48 of 2nd period - Charlie Coyle is hit by Moritz Seider.
12:26 of 2nd period - Shot by Owen Tippett.
12:26 of 2nd period - Shot Misses the Net.
12:28 of 2nd period - Shot by Owen Tippett.
12:28 of 2nd period - Shot Misses the Net.
12:30 of 2nd period - Shot by Owen Tippett.
12:30 of 2nd period - Stopped by Stuart Skinner with a rebound.
12:48 of 2nd period - Drake Batherson is hit by Daniel Sprong and loses puck.
13:14 of 2nd period - Kyle Palmieri is hit by Johnathan Kovacevic and loses puck.
13:51 of 2nd period - Shot by Lawson Crouse.
13:51 of 2nd period - Stopped by Adin Hill with a rebound.
13:58 of 2nd period - Minor Penalty to Michael Rasmussen for Hooking.
13:59 of 2nd period - Boone Jenner wins face-off versus Alex Wennberg in CALGARY Flames zone.
14:17 of 2nd period - Icing by Moritz Seider.
14:18 of 2nd period - Boone Jenner wins face-off versus Alex Wennberg in EDMONTON Oilers zone.
14:27 of 2nd period - Shot by Alexander Romanov.
14:27 of 2nd period - Deflect By Owen Tippett.
14:27 of 2nd period - Stopped by Stuart Skinner without a rebound.
14:28 of 2nd period - Boone Jenner wins face-off versus Kyle Palmieri in CALGARY Flames zone.
15:01 of 2nd period - Shot by Kyle Palmieri.
15:01 of 2nd period - Shot Blocked by Jamie Oleksiak.
15:25 of 2nd period - Shot by Alex Wennberg.
15:25 of 2nd period - Stopped by Stuart Skinner without a rebound.
15:26 of 2nd period - Charlie Coyle wins face-off versus Alex Wennberg in CALGARY Flames zone.
15:37 of 2nd period - Charlie Coyle is hit by Dylan Cozens and loses puck.
15:51 of 2nd period - Icing by Alex Wennberg.
15:52 of 2nd period - Charlie Coyle wins face-off versus Alex Wennberg in EDMONTON Oilers zone.
16:16 of 2nd period - Josh Brown is hit by Nicolas Aube-Kubel and loses puck.
16:33 of 2nd period - Shot by Ty Dellandrea.
16:33 of 2nd period - Shot Blocked by Michal Kempny.
17:12 of 2nd period - Kent Johnson is hit by Darnell Nurse and loses puck.
17:15 of 2nd period - Shot by Nico Sturm.
17:15 of 2nd period - Stopped by Stuart Skinner without a rebound.
17:16 of 2nd period - Dylan Cozens wins face-off versus Michael Rasmussen in CALGARY Flames zone.
17:34 of 2nd period - Icing by Quinn Hughes.
17:35 of 2nd period - Alex Wennberg wins face-off versus Michael Rasmussen in CALGARY Flames zone.
17:40 of 2nd period - Shot by Kyle Palmieri.
17:40 of 2nd period - Stopped by Stuart Skinner without a rebound.
17:41 of 2nd period - Boone Jenner wins face-off versus Dylan Cozens in CALGARY Flames zone.
17:55 of 2nd period - Shot by Owen Tippett.
17:55 of 2nd period - Stopped by Stuart Skinner without a rebound.
17:56 of 2nd period - Charlie Coyle wins face-off versus Alex Wennberg in CALGARY Flames zone.
18:01 of 2nd period - Kyle Palmieri is hit by Charlie Coyle and loses puck.
18:24 of 2nd period - Minor Penalty to Nikita Zaitsev for Roughing.
18:25 of 2nd period - Boone Jenner wins face-off versus Owen Tippett in EDMONTON Oilers zone.
18:36 of 2nd period - Shot by Lawson Crouse.
18:36 of 2nd period - Stopped by Adin Hill with a rebound.
19:02 of 2nd period - Shot by Boone Jenner.
19:02 of 2nd period - Stopped by Adin Hill without a rebound.
19:03 of 2nd period - Michael Rasmussen wins face-off versus Owen Tippett in EDMONTON Oilers zone.
19:16 of 2nd period - Shot by Quinn Hughes.
19:16 of 2nd period - Stopped by Adin Hill without a rebound.
19:17 of 2nd period - Michael Rasmussen wins face-off versus Alex Wennberg in EDMONTON Oilers zone.
19:38 of 2nd period - Shot by Charlie McAvoy.
19:38 of 2nd period - Stopped by Adin Hill without a rebound.
19:39 of 2nd period - Owen Tippett wins face-off versus Boone Jenner in EDMONTON Oilers zone.
Goals for this period are 0 for EDMONTON Oilers vs 0 for CALGARY Flames.
Shots for this period are 7 for EDMONTON Oilers vs 12 for CALGARY Flames.

3rd period


0:01 of 3rd period - Boone Jenner wins face-off versus Owen Tippett in neutral zone.
0:01 of 3rd period - Boone Jenner is hit by Alex Wennberg.
0:05 of 3rd period - Owen Tippett is hit by Lawson Crouse and loses puck.
0:29 of 3rd period - Minor Penalty to Nikita Zaitsev for Hooking.
0:30 of 3rd period - Owen Tippett wins face-off versus Michael Rasmussen in EDMONTON Oilers zone.
0:45 of 3rd period - Shot by Jamie Oleksiak.
0:45 of 3rd period - Shot Misses the Net.
0:47 of 3rd period - Shot by Alex Newhook.
0:47 of 3rd period - Deflect By Michael Rasmussen.
0:47 of 3rd period - Shot Misses the Net.
1:21 of 3rd period - Icing by Darnell Nurse.
1:22 of 3rd period - Michael Rasmussen wins face-off versus Dylan Cozens in CALGARY Flames zone.
1:36 of 3rd period - Dylan Cozens is hit by Daniel Sprong and loses puck.
1:55 of 3rd period - Alex Wennberg is hit by Boone Jenner and loses puck.
2:02 of 3rd period - Shot by Charlie McAvoy.
2:02 of 3rd period - Stopped by Adin Hill without a rebound.
2:03 of 3rd period - Boone Jenner wins face-off versus Owen Tippett in EDMONTON Oilers zone.
2:04 of 3rd period - Shot by Charlie McAvoy.
2:04 of 3rd period - Stopped by Adin Hill without a rebound.
2:05 of 3rd period - Kyle Palmieri wins face-off versus Boone Jenner in EDMONTON Oilers zone.
2:13 of 3rd period - Off-side.
2:14 of 3rd period - Boone Jenner wins face-off versus Owen Tippett in neutral zone.
2:44 of 3rd period - Icing by Tucker Poolman.
2:45 of 3rd period - Boone Jenner wins face-off versus Leo Komarov in EDMONTON Oilers zone.
2:58 of 3rd period - Nicolas Aube-Kubel is hit by Lawson Crouse and loses puck.
3:14 of 3rd period - Icing by Quinn Hughes.
3:15 of 3rd period - Boone Jenner wins face-off versus Dylan Cozens in CALGARY Flames zone.
3:15 of 3rd period - Boone Jenner is hit by Owen Tippett.
3:20 of 3rd period - Off-side.
3:21 of 3rd period - Dylan Cozens wins face-off versus Charlie Coyle in neutral zone.
3:23 of 3rd period - Owen Tippett is hit by Darnell Nurse and loses puck.
4:19 of 3rd period - Icing by Cole Perfetti.
4:20 of 3rd period - Nico Sturm wins face-off versus Charlie Coyle in CALGARY Flames zone.
4:53 of 3rd period - Shot by Alex Newhook.
4:53 of 3rd period - Stopped by Adin Hill without a rebound.
4:54 of 3rd period - Michael Rasmussen wins face-off versus Alex Wennberg in EDMONTON Oilers zone.
5:10 of 3rd period - Alex Wennberg is hit by Johnathan Kovacevic and loses puck.
5:14 of 3rd period - Minor Penalty to Josh Brown for Delaying the game.
5:15 of 3rd period - Alex Wennberg wins face-off versus Lawson Crouse in CALGARY Flames zone.
5:19 of 3rd period - Shot by Alexander Romanov.
5:19 of 3rd period - Shot Blocked by Darnell Nurse.
5:21 of 3rd period - Shot by Alex Wennberg.
5:21 of 3rd period - Stopped by Stuart Skinner without a rebound.
5:22 of 3rd period - Michael Rasmussen wins face-off versus Kent Johnson in CALGARY Flames zone.
5:22 of 3rd period - Darnell Nurse is hit by Kent Johnson and loses puck.
5:44 of 3rd period - Icing by Alexander Romanov.
5:45 of 3rd period - Michael Rasmussen wins face-off versus Drake Batherson in EDMONTON Oilers zone.
5:53 of 3rd period - Icing by Alexander Romanov.
5:54 of 3rd period - Kent Johnson wins face-off versus Charlie Coyle in EDMONTON Oilers zone.
5:58 of 3rd period - Icing by Moritz Seider.
5:59 of 3rd period - Kent Johnson wins face-off versus Charlie Coyle in EDMONTON Oilers zone.
6:06 of 3rd period - Shot by Alexander Romanov.
6:06 of 3rd period - Stopped by Stuart Skinner without a rebound.
6:07 of 3rd period - Charlie Coyle wins face-off versus Alex Wennberg in CALGARY Flames zone.
6:16 of 3rd period - Shot by Dylan Cozens.
6:16 of 3rd period - Shot Misses the Net.
6:18 of 3rd period - Shot by Dylan Cozens.
6:18 of 3rd period - Deflect By Alex Wennberg.
6:18 of 3rd period - Shot Misses the Net.
7:14 of 3rd period - Shot by Kyle Palmieri.
7:14 of 3rd period - Stopped by Stuart Skinner with a rebound.
7:15 of 3rd period - Minor Penalty to Milan Lucic for Slashing.
7:16 of 3rd period - Owen Tippett wins face-off versus Alex Newhook in EDMONTON Oilers zone.
7:47 of 3rd period - Shot by Daniel Sprong.
7:47 of 3rd period - Shot Misses the Net.
7:49 of 3rd period - Shot by Quinn Hughes.
7:49 of 3rd period - Shot Misses the Net.
7:51 of 3rd period - Shot by Michael Rasmussen.
7:51 of 3rd period - Shot Misses the Net.
7:53 of 3rd period - Shot by Quinn Hughes.
7:53 of 3rd period - Shot Misses the Net.
8:14 of 3rd period - Alexander Romanov is hit by Charlie Coyle and loses puck.
8:39 of 3rd period - Shot by Darnell Nurse.
8:39 of 3rd period - Stopped by Adin Hill without a rebound.
8:40 of 3rd period - Kyle Palmieri wins face-off versus Michael Rasmussen in EDMONTON Oilers zone.
8:57 of 3rd period - Off-side.
8:58 of 3rd period - Dylan Cozens wins face-off versus Boone Jenner in neutral zone.
9:00 of 3rd period - Alexander Romanov is hit by Jamie Oleksiak and loses puck.
9:11 of 3rd period - Shot by Dylan Cozens.
9:11 of 3rd period - Shot Misses the Net.
9:22 of 3rd period - Minor Penalty to A.J. Greer for Unsportsmanlike conduct.
9:23 of 3rd period - Kent Johnson wins face-off versus Michael Rasmussen in CALGARY Flames zone.
9:38 of 3rd period - Shot by Kyle Palmieri.
9:38 of 3rd period - Stopped by Stuart Skinner without a rebound.
9:39 of 3rd period - Charlie Coyle wins face-off versus Alex Wennberg in CALGARY Flames zone.
10:12 of 3rd period - Shot by Moritz Seider.
10:12 of 3rd period - Deflect By Dylan Cozens.
10:12 of 3rd period - Stopped by Stuart Skinner without a rebound.
10:13 of 3rd period - Michael Rasmussen wins face-off versus Kent Johnson in CALGARY Flames zone.
10:13 of 3rd period - Darnell Nurse is hit by Kyle Palmieri and loses puck.
10:28 of 3rd period - Shot by Drake Batherson.
10:28 of 3rd period - Shot Misses the Net.
10:32 of 3rd period - Shot by Tucker Poolman.
10:32 of 3rd period - Stopped by Stuart Skinner without a rebound.
10:33 of 3rd period - Alex Wennberg wins face-off versus Charlie Coyle in CALGARY Flames zone.
10:45 of 3rd period - Off-side.
10:46 of 3rd period - Michael Rasmussen wins face-off versus Kent Johnson in neutral zone.
10:46 of 3rd period - Michael Rasmussen is hit by Kyle Palmieri.
11:09 of 3rd period - Minor Penalty to Drake Batherson for Hooking.
11:10 of 3rd period - Boone Jenner wins face-off versus Owen Tippett in EDMONTON Oilers zone.
11:11 of 3rd period - Shot by Lawson Crouse.
11:11 of 3rd period - Stopped by Adin Hill with a rebound.
11:24 of 3rd period - Alex Wennberg is hit by Darnell Nurse and loses puck.
11:41 of 3rd period - Icing by Daniel Sprong.
11:42 of 3rd period - Owen Tippett wins face-off versus Daniel Sprong in CALGARY Flames zone.
12:39 of 3rd period - Shot by Lawson Crouse.
12:39 of 3rd period - Shot Misses the Net.
12:41 of 3rd period - Shot by Quinn Hughes.
12:41 of 3rd period - Shot Misses the Net.
12:43 of 3rd period - Shot by Boone Jenner.
12:43 of 3rd period - Stopped by Adin Hill without a rebound.
12:44 of 3rd period - Boone Jenner wins face-off versus Dylan Cozens in EDMONTON Oilers zone.
13:05 of 3rd period - Shot by Quinn Hughes.
13:05 of 3rd period - Stopped by Adin Hill without a rebound.
13:06 of 3rd period - Michael Rasmussen wins face-off versus Owen Tippett in EDMONTON Oilers zone.
13:14 of 3rd period - A.J. Greer is hit by Nikita Zaitsev and loses puck.
13:34 of 3rd period - Nico Sturm is hit by Johnathan Kovacevic and loses puck.
13:47 of 3rd period - Shot by Alexei Toropchenko.
13:47 of 3rd period - Deflect By Ty Dellandrea.
13:47 of 3rd period - Shot Misses the Net.
13:49 of 3rd period - Shot by Ty Dellandrea.
13:49 of 3rd period - Shot Misses the Net.
13:51 of 3rd period - Shot by Ty Dellandrea.
13:51 of 3rd period - Shot Misses the Net.
14:01 of 3rd period - Quinn Hughes is hit by Nico Sturm.
14:14 of 3rd period - Michael Rasmussen is hit by Nikita Zaitsev and loses puck.
14:37 of 3rd period - Philipp Kurashev is hit by Nico Sturm and loses puck.
15:57 of 3rd period - Icing by Cole Perfetti.
15:58 of 3rd period - Alex Wennberg wins face-off versus Charlie Coyle in CALGARY Flames zone.
16:12 of 3rd period - Shot by Charlie Coyle.
16:12 of 3rd period - Shot Blocked by Kyle Palmieri.
16:14 of 3rd period - Shot by Johnathan Kovacevic.
16:14 of 3rd period - Stopped by Adin Hill without a rebound.
16:15 of 3rd period - Dylan Cozens wins face-off versus Michael Rasmussen in EDMONTON Oilers zone.
16:17 of 3rd period - Icing by Drake Batherson.
16:18 of 3rd period - Michael Rasmussen wins face-off versus Dylan Cozens in EDMONTON Oilers zone.
16:49 of 3rd period - Shot by Owen Tippett.
16:49 of 3rd period - Shot Blocked by Philipp Kurashev.
16:58 of 3rd period - Quinn Hughes is hit by Alexander Romanov and loses puck.
17:00 of 3rd period - Minor Penalty to Moritz Seider for Roughing.
17:01 of 3rd period - Boone Jenner wins face-off versus Owen Tippett in EDMONTON Oilers zone.
17:24 of 3rd period - Shot by Darnell Nurse.
17:24 of 3rd period - Stopped by Adin Hill without a rebound.
17:24 of 3rd period - Minor Penalty to Adin Hill for Slashing.
17:25 of 3rd period - T.J. Oshie wins face-off versus Michael Rasmussen in EDMONTON Oilers zone.
17:45 of 3rd period - Icing by Charlie McAvoy.
17:46 of 3rd period - Michael Rasmussen wins face-off versus Owen Tippett in CALGARY Flames zone.
18:19 of 3rd period - Owen Tippett is hit by Michael Rasmussen and loses puck.
18:50 of 3rd period - Alex Wennberg is hit by Charlie Coyle and loses puck.
19:04 of 3rd period - Shot by Lawson Crouse.
19:04 of 3rd period - Shot Misses the Net.
19:24 of 3rd period - Shot by Charlie McAvoy.
19:24 of 3rd period - Shot Misses the Net.
19:32 of 3rd period - EDMONTON Oilers, Adin Hill is pulled from the net.
19:36 of 3rd period - Shot by Dylan Cozens.
19:36 of 3rd period - Deflect By Alex Wennberg.
19:36 of 3rd period - Shot Misses the Net.
Goals for this period are 0 for EDMONTON Oilers vs 0 for CALGARY Flames.
Shots for this period are 6 for EDMONTON Oilers vs 9 for CALGARY Flames. Output by the SimonT Hockey Simulator (STHS) for Martin Benoit - Original Page W3C HTML5 Valid
Hockey Simulator - Hockey Simulation - Hockey Manager